 Dungeon Crawl Stone Soup version 0.19.0-16-g73b5abf (webtiles) character file.

1400 RKaid the Basher (level 8, -3/46 HPs)
             Began as a Gargoyle Monk on Nov 10, 2016.
             Killed by divine providence
             ... invoked by an orc priest
              (15 damage)
             ... on level 6 of the Dungeon.
             The game lasted 00:13:04 (5851 turns).

RKaid the Basher (Gargoyle Monk)                    Turns: 5851, Time: 00:13:05

Health: -3/46      AC: 17    Str: 14    XL:     8   Next: 69%
Magic:  8/8        EV: 11    Int: 13    God:
Gold:   330        SH:  0    Dex: 13    Spells: 0 memorised, 7 levels left

rFire  + . .     SeeInvis .     v - +2 whip (venom)
rCold  . . .     Gourm    .     u - +2 ring mail {rF+}
rNeg   + + .     Faith    .     (no shield)
rPois  ∞         Spirit   .     (no helmet)
rElec  +         Reflect  .     o - +2 cloak
rCorr  .         Harm     .     g - +1 pair of gloves
MR     .....                    (no boots)
Stlth  +.........               (no amulet)
                                (no ring)
                                s - ring of positive energy {rN+}

@: no status effects
A: negative energy resistance 1, electricity resistance, unbreathing,
petrification resistance, rot immunity, AC +5
a: no special abilities


You were on level 6 of the Dungeon.
You were not hungry.

You visited 1 branch of the dungeon, and saw 6 of its levels.

You collected 330 gold pieces.

Inventory:

Hand Weapons
 a - a +0 mace
 e - a +0 blowgun
   (You found it on level 6 of the Dungeon)
 p - a +1 whip of draining
   (You found it on level 1 of the Dungeon)
 v - a +2 whip of venom (weapon)
   (You found it on level 2 of the Dungeon)
Armour
 b - a +0 robe
 g - a +1 pair of gloves (worn)
   (You found it on level 1 of the Dungeon)
 o - a +2 cloak (worn)
   (You found it on level 1 of the Dungeon)
 u - a +2 ring mail of fire resistance (worn)
   (You found it on level 2 of the Dungeon)
Jewellery
 s - a ring of positive energy (left hand) {rN+}
   (You found it on level 2 of the Dungeon)
Scrolls
 d - a scroll of amnesia {unknown}
 f - 2 scrolls of fog
 h - a scroll of identify
 j - 3 scrolls of recharging
 m - 2 scrolls of immolation {!r}
 n - a scroll of enchant armour
 y - a scroll of enchant weapon {unknown}
 A - a scroll of remove curse
 D - a scroll of fear
Potions
 i - a potion of brilliance {unknown}
 q - a potion of berserk rage {unknown}
 r - 2 potions of flight {unknown}
 t - a potion of might
 x - 2 potions of curing {unknown}
 z - a potion of agility {unknown}
 B - a potion of haste
 E - a potion of lignification {unknown}
Comestibles
 c - 2 bread rations
 l - 5 fruits
 w - 3 meat rations


   Skills:
 - Level 3.2 Fighting
 + Level 10.7 Maces & Flails
 - Level 2.4 Dodging
 - Level 2.1 Stealth


You had 7 spell levels left.
You didn't know any spells.

Dungeon Overview and Level Annotations

Branches:
Dungeon (6/15)
 Temple: D:4-7

Altars:
Nemelex Xobeh
Sif Muna
Yredelemnul

Shops:
D:4 =

Annotations:
D:3 Millan's ghost, amateur DsGl
D:5 muxecoid's ghost, novice TrTm


Innate Abilities, Weirdness & Mutations

You are resistant to torment.
Your stone body is resilient. (AC +5)
You are immune to poison.
You resist negative energy. (rN+)
You are resistant to electric shocks. (rElec)
You can survive without breathing.
You are immune to petrification.
You are immune to rotting.


Message History

You barely miss the necrophage.
The necrophage hits you but does no damage.
You hit the necrophage but do no damage.
You closely miss the necrophage. The necrophage completely misses you.
You barely miss the necrophage. You closely miss the necrophage.
The necrophage barely misses you.
You hit the necrophage.
You destroy the necrophage!
A phantom comes into view.
The phantom blinks!
You hit the phantom. The phantom barely misses you.
You hit the phantom but do no damage. You hit the phantom.
The phantom barely misses you.
You miss the phantom. You whack the phantom! The phantom barely misses you.
You miss the phantom. You hit the phantom. The phantom closely misses you.
You hit the phantom.
The phantom hits you but does no damage.
You hit the phantom. You hit the phantom. The phantom completely misses you.
You hit the phantom but do no damage.
Your ring mail prevents you from hitting the phantom.
The phantom barely misses you.
You whack the phantom! You completely miss the phantom.
The phantom hits you but does no damage.
You miss the phantom.
The phantom hits you but does no damage.
You whack the phantom!
You destroy the phantom!
All of the chunks of flesh in your inventory have rotted away.
There is an open door here.
There is an open door here.
There is an open door here.
There is an open door here.
There is an open door here.
An adder comes into view.
The adder bites you but does no damage. The adder closely misses you.
There is an open door here.
You miss the adder. You hit the adder.
The adder is poisoned.
The adder bites you but does no damage.
You hit the adder. The adder bites you but does no damage.
You miss the adder. The adder bites you but does no damage.
You hit the adder.
The adder looks as sick as possible!
You kill the adder!
An orc comes into view. It is wielding a whip.
The orc shouts!
An orc comes into view. It is wielding a hand axe.
The orc shouts!
An orc comes into view.
An orc priest comes into view.
The orc shouts!
An orc priest comes into view. It is wielding a hand axe.
The orc misses you.
The orc priest shouts!
You hit the orc.
The orc is poisoned.
The orc barely misses you.
The orc priest mumbles some strange prayers to Beogh against you.
Beogh smites you!
You hit the orc.
You kill the orc!
The orc hits you but does no damage.
You closely miss the orc priest. The orc misses you.
You closely miss the orc priest.
The orc priest hits you but does no damage.
The orc hits you but does no damage.
You closely miss the orc priest. The orc hits you but does no damage.
You barely miss the orc priest.
The orc priest hits you but does no damage.
The orc barely misses you.
You hit the orc priest but do no damage.
The orc priest is poisoned.
The orc priest hits you but does no damage.
The orc hits you but does no damage. x2
You hit the orc priest but do no damage.
You hit the orc priest.
The orc priest calls down the wrath of Beogh upon you.
Beogh smites you! The orc priest barely misses you. The orc closely misses you.
The orc barely misses you.
You barely miss the orc priest.
The orc priest casts a cantrip, but nothing happens.
You hit the orc.
You kill the orc!
The orc priest hits you but does no damage.
The orc closely misses you.
You whack the orc priest!
You kill the orc priest!
The orc priest mumbles some strange prayers to Beogh against you.
Pain shoots through your body!
You closely miss the orc priest. The orc hits you but does no damage.
You whack the orc priest! The orc priest barely misses you.
You hit the orc but do no damage.
The orc is poisoned.
The orc hits you with a hand axe.
* * * LOW HITPOINT WARNING * * *
You hit the orc priest but do no damage.
The orc priest is poisoned.
The orc priest calls down the wrath of Beogh upon you.
Beogh smites you!
You die...

## #.. ... ..... #.. ## .....
.... #.. #### .....####... #..
#.# ............# #####.. #.#
............# #...... #.#
............# #...... #.#
........o.†.# #...... ###.#
.......o@..# #...... ....#
...........#... #...... ##..##
#####......##'######.###' ###..#
#.............####... #....#
#.............# #.>.
.....########.............# #...
#.............)[..........# #...
##+.#.....................# #...
...............)..........####...


You could see an orc priest and an orc.

Vanquished Creatures
  An orc warrior (D:6)
  2 black bears (D:6)
  A necrophage (D:6)
  A phantom (D:6)
  An ogre (D:6)
  A centaur (D:6)
  A bullfrog (D:6)
  A wyvern skeleton (D:6)
  A scorpion (D:4)
  An electric eel (D:6)
  2 crimson imps (D:6)
  A bullfrog skeleton (D:4)
  6 orc priests
  An orc wizard (D:4)
  An iguana (D:3)
  3 worker ants
  A worker ant zombie (D:6)
  10 adders
  2 dart slugs
  5 worms (D:2)
  A leopard gecko (D:2)
  17 orcs
  A ball python (D:3)
  11 bats
  5 giant cockroaches
  3 goblins
  6 hobgoblins
  A jackal (D:3)
  10 kobolds
  4 quokkas
  7 frilled lizards
  A quokka zombie (D:6)
  8 rats
118 creatures vanquished.

Notes
Turn   | Place    | Note
-------+----------+-------------------------------------------
     0 | D:1      | RKaid the Gargoyle Monk began the quest for the Orb.
     0 | D:1      | Reached XP level 1. HP: 14/14 MP: 1/1
   141 | D:1      | Reached XP level 2. HP: 13/19 MP: 2/2
   673 | D:1      | Reached skill level 4 in Maces & Flails
   811 | D:1      | Reached XP level 3. HP: 23/23 MP: 3/3
  1268 | D:2      | Reached XP level 4. HP: 28/28 MP: 4/4
  1341 | D:2      | Reached skill level 5 in Maces & Flails
  1434 | D:2      | Found a sparkling altar of Nemelex Xobeh.
  2248 | D:3      | Reached XP level 5. HP: 25/32 MP: 5/5
  2478 | D:3      | Noticed Millan's ghost (amateur DsGl)
  2895 | D:4      | Reached skill level 6 in Maces & Flails
  2918 | D:4      | Found a deep blue altar of Sif Muna.
  2976 | D:4      | Reached XP level 6. HP: 13/37 MP: 6/6
  3444 | D:4      | Found Budeoxt's Jewellery Boutique.
  3466 | D:4      | Reached skill level 7 in Maces & Flails
  3737 | D:4      | Reached XP level 7. HP: 41/41 MP: 7/7
  3873 | D:5      | Entered Level 5 of the Dungeon
  3902 | D:5      | Noticed muxecoid's ghost (novice TrTm)
  3928 | D:5      | HP: 10/41 [muxecoid's ghost (16)]
  3929 | D:5      | HP: 4/41 [muxecoid's ghost (6)]
  4235 | D:6      | Reached skill level 8 in Maces & Flails
  4336 | D:6      | Found a basalt altar of Yredelemnul.
  4691 | D:6      | Reached skill level 9 in Maces & Flails
  4942 | D:6      | Reached XP level 8. HP: 46/46 MP: 8/8
  5268 | D:6      | Reached skill level 10 in Maces & Flails
  5851 | D:6      | Killed from afar by an orc priest

Skill      XL: |  1  2  3  4  5  6  7  8 |
---------------+-------------------------+-----
Maces & Flails | 4 5 6 7 9 10 | 10.7
Fighting       | |  3.2
Dodging        | |  2.4
Stealth        | |  2.1

Action                   |  1- 3 |  4- 6 |  7- 9 || total
-------------------------+-------+-------+-------++-------
Melee: Mace              |    52 |       |       ||    52
       Whip              |    54 |   184 |   221 ||   459
  Use: Scroll            |     2 |     6 |     1 ||     9
 Stab: Sleeping          |     3 |     3 |       ||     6
  Eat: Chunk             |     1 |     5 |     3 ||     9
       Beef jerky        |       |     1 |       ||     1
       Pizza             |       |     1 |     2 ||     3
       Royal jelly       |       |       |     1 ||     1
Armor: Robe              |    33 |    42 |    41 ||   116
       Ring mail         |       |       |    26 ||    26
Dodge: Dodged            |    69 |    75 |    93 ||   237

Vault maps used:
D:1:      matt_arrival_spirals
D:2:      nicolae_overflow_crystal_walls, minmay_circled_x
D:4:      serial_shops, nicolae_shop_competitors_out_of_business,
          grunt_ministairs_2, lemuel_blue_sif_altar
D:5:      nicolae_ru_path_of_blood, portal_sewer_entry_f, serial_shops,
          shop_coins, basic_altar, first_bread, minmay_misc_feat_room
D:6:      nicolae_overflow_hidden_temple, serial_bayou_lagoon_b

Table legend:
 A = Turns spent in this place as a percentage of turns spent in the entire game.
 B = Non-inter-level travel turns spent in this place as a percentage of non-inter-level travel turns spent in the entire game.
 C = Inter-level travel turns spent in this place as a percentage of turns spent in this place.
 D = Turns resting spent in this place as a percentage of non-inter-level travel turns spent in this place.
 E = Turns spent auto-exploring this place as a percentage of non-inter-level travel turns spent in this place.
 F = Non-inter-level travel turns spent in this place divided by the number of levels of this place that you've seen.
                   A       B       C       D       E      F
               +-------+-------+-------+-------+-------+----------------------
         Total | 100.0 | 100.0 |   0.4 |   3.3 |   7.7 | 257.0
       Dungeon | 100.0 | 100.0 |   0.4 |   3.3 |   7.7 | 257.0
               +-------+-------+-------+-------+-------+----------------------

Table legend:
 A = Kills in this place as a percentage of kills in entire the game.
 B = Kills by you in this place as a percentage of kills by you in the entire game.
 C = Kills by friends in this place as a percentage of kills by friends in the entire game.
 D = Other kills in this place as a percentage of other kills in the entire game.
 E = Experience gained in this place as a percentage of experience gained in the entire game.
 F = Experience gained in this place divided by the number of levels of this place that you have seen.
                   A       B       C       D       E      F
               +-------+-------+-------+-------+-------+----------------------
         Total | 100.0 | 100.0 |  -nan |  -nan | 100.0 | 333.3
       Dungeon | 100.0 | 100.0 |  -nan |  -nan | 100.0 | 333.3
               +-------+-------+-------+-------+-------+----------------------
